AoeStats
← DS_Kvothe

Arabia

509643307Analyzed
1v1 RM · 4d ago on Sep 27, 2026· 18m 26s· 2 players
Game mode
Random Map
Map size
Tiny (2 player)
Population
200
Speed
Normal
Resources
Standard
Victory
Conquest
Starting age
Dark Age
Ending age
Imperial Age
RankedLock teamsTeams togetherTeam positionsShared explorationLock speedFull tech treeHidden civsTurbo modeCheats
Victory
Defeat
🇧🇾 Romans · Belarus
1925
+17
🇦🇷 Koreans · Argentina
1951
-17
DzeDanik
10:31 Feudal Age
10:51 Horse Collar
10:58 Double-Bit Axe
13:16 Loom
17:30 Castle Age
15:07 Man-at-Arms
15:48 Scale Mail Armor
16:41 Forging
16:40 Gold Mining
18:43 Chain Mail Armor
DS_Kvothe
8:07 Loom
12:29 Feudal Age
13:20 Double-Bit Axe
14:19 Horse Collar
Connection lost

Rejoining the realm…

Still unreachable

The connection could not be restored.

Session expired

The server has moved on; the page needs a fresh start.